 Dungeon Crawl Stone Soup version 0.28.0 (webtiles) character file.

Game seed: 3709904851006448237

1367 growler the Zephyrmancer (level 8, -2/41 HPs)
             Began as a Tengu Air Elementalist on Feb 10, 2022.
             Slain by a centaur (4 damage)
             ... on level 6 of the Dungeon on Feb 11, 2022.
             The game lasted 00:16:23 (7376 turns).

growler the Zephyrmancer (Tengu Air Elementalist)   Turns: 7376, Time: 00:16:23

Health: -2/41      AC:  2    Str:  9    XL:     8   Next: 65%
Magic:  3/16       EV: 15    Int: 17    God:
Gold:   319        SH:  0    Dex: 15    Spells: 7/17 levels left

rFire   . . .      SeeInvis +   o - +4 dagger (flame)
rCold   . . .      Faith    .   (no shield)
rNeg    . . .      Spirit   .   a - +0 robe
rPois   .          Reflect  .   (helmet restricted)
rElec   .          Harm     .   (no cloak)
rCorr   .          Rampage  .   (no gloves)
Will    .....                   (boots unavailable)
Stlth   ++........              l - amulet of the acrobat
HPRegen 0.13/turn               z - ring of see invisible
MPRegen 0.15/turn               (no ring)

@: lethally poisoned (-2 -> -5), flying quickly and evasively, quick
A: beak, talons 3, nimble flight
a: no special abilities


You were on level 6 of the Dungeon.
You visited 1 branch of the dungeon, and saw 6 of its levels.

You collected 319 gold pieces.

Inventory:

Hand Weapons
 o - a +4 dagger of flaming (weapon)
   (You took it off a goblin on level 3 of the Dungeon)
Missiles
 p - 2 throwing nets {!f}
Armour
 a - a +0 robe (worn)
 j - a +0 buckler
   (You found it on level 1 of the Dungeon)
 w - a +0 kite shield
   (You found it on level 4 of the Dungeon)
 x - a +2 pair of gloves
   (You found it on level 4 of the Dungeon)
 E - the +1 ring mail of the Thirsty Emperors {rF+ Str+3 Dex+2 Stlth+}
   (You found it on level 6 of the Dungeon)

   Str:       It affects your strength (+3).
   Dex:       It affects your dexterity (+2).
   rF:        It protects you from fire.
   Stlth:     It makes you more stealthy.
Jewellery
 l - an amulet of the acrobat (around neck)
   (You found it on level 2 of the Dungeon)
 z - a ring of see invisible (left hand)
   (You found it on level 1 of the Dungeon)
 D - a +6 ring of strength
   (You found it on level 6 of the Dungeon)
Wands
 d - a wand of iceblast (6)
   (You found it on level 5 of the Dungeon)
Scrolls
 b - 2 scrolls of amnesia {unknown}
 e - 6 scrolls of identify {unknown}
 m - 3 scrolls of enchant armour {unknown}
 n - a scroll of fear {unknown}
 q - a scroll of magic mapping {unknown}
 s - 4 scrolls of teleportation {unknown}
 u - a scroll of enchant weapon {unknown}
 v - a scroll of acquirement {unknown}
 y - a scroll of immolation {unknown}
 F - a scroll of holy word {unknown}
Potions
 c - 2 potions of berserk rage {unknown}
 f - 2 potions of mutation {unknown}
 g - 2 potions of magic {unknown}
 h - a potion of lignification {unknown}
 i - 5 potions of curing {unknown}
 k - a potion of degeneration {unknown}
 r - 3 potions of flight
 t - a potion of heal wounds {unknown}
 A - a potion of haste {unknown}
 B - a potion of brilliance {unknown}
 C - a potion of might {unknown}


   Skills:
 - Level 3.3 Dodging
 - Level 3.3 Stealth
 - Level 5.0 Spellcasting
 + Level 7.7 Conjurations
 + Level 8.6 Air Magic


You had 7 spell levels left.
You knew the following spells:

 Your Spells              Type           Power      Damage    Failure   Level
a - Shock                 Conj/Air       100%       1d9       1%          1
b - Airstrike             Air            16%        N/A       4%          4
d - Static Discharge      Conj/Air       32%        N/A       1%          2
s - Swiftness             Air            33%        N/A       1%          3

Your spell library contained the following spells:

 Spells                   Type           Power      Damage    Failure   Level
 Conjure Ball Lightning   Conj/Air       16%        3x3d6     58%         6
 Discord                  Hex            2%         N/A       100%        8
 Disjunction              Tloc           2%         N/A       100%        8


Dungeon Overview and Level Annotations

Branches:
Dungeon (6/15)
 Temple: D:4-7

Altars:
Ashenzari
Kikubaaqudgha
Nemelex Xobeh
Sif Muna


Innate Abilities, Weirdness & Mutations

You have a beak for a mouth.
You have claws for feet.
Your magical nature lets you fly swiftly and evasively.


Message History

You hit the orc. You burn the orc.
You kill the orc!
You hit the orc but do no damage.
An orc priest comes into view. It is wielding a +0 club.
The orc misses you.
You hit the orc but do no damage. You claw the orc!
You kill the orc!
You hit the orc. You burn the orc.
A centaur comes into view.
The orc closely misses you.
The orc is struck by an arc of lightning!
You kill the orc!
You are struck by an arc of lightning.
The centaur shouts!
The scorpion is struck by an arc of lightning!
The lightning grounds out.
The scorpion stings you.
You are poisoned.
The scorpion poisons you! The scorpion stings you.
The scorpion is struck by an arc of lightning.
The lightning grounds out.
You feel very sick.
The orc priest casts a cantrip, but nothing happens.
The scorpion stings you.
An orc comes into view. It is wielding a +0 club.
The scorpion is struck by an arc of lightning!
You kill the scorpion!
The lightning grounds out.
You feel sick.
The centaur wields a +0 shortbow.
The centaur shoots an arrow.
The arrow closely misses you.
The orc priest is struck by an arc of lightning.
You are struck by an arc of lightning.
* * * LOW HITPOINT WARNING * * *
The orc priest is struck by an arc of lightning.
The lightning grounds out.
You feel sick. The orc priest closely misses you.
The orc priest is struck by an arc of lightning!
You kill the orc priest!
You are struck by an arc of lightning.
* * * LOW HITPOINT WARNING * * *
The lightning grounds out.
You feel sick.
The centaur shoots an arrow.
The arrow closely misses you.
The centaur shoots an arrow.
The arrow hits you!
* * * LOW HITPOINT WARNING * * *
* * * LOW HITPOINT WARNING * * *
You feel sick.
The centaur unwields a +0 shortbow.
The centaur barely misses you. The centaur kicks you.
* * * LOW HITPOINT WARNING * * *
Items here: ! ))))) [ †††††.
It was a potion of flight.
You feel more buoyant.
* * * LOW HITPOINT WARNING * * *
You feel sick. The centaur hits you.
You die...

#.# #...........
#.###.##.#####..
#.....##.#
###.####.#
#.####.# .
#...##.. ..
###.#####.###
####.###.....#
#....)@c...).#
#.##.##o.....#
#. ...# ......#
#..#### ......#
#. .###### # .#
.# .#


You could see a centaur and an orc.

Vanquished Creatures
  An orc warrior (D:4)
  A sky beast (D:5)
  4 ogres
  2 scorpions
  A wyvern skeleton (D:5)
  2 water moccasin zombies (D:5)
  A centaur zombie (D:5)
  3 orc priests
  2 hounds
  A jelly (D:3)
  4 orc wizards
  An iguana (D:5)
  2 hound skeletons
  4 gnolls
  5 adders
  An ufetubus (D:5)
  6 dart slugs
  20 orcs
  A bat skeleton (D:2)
  16 endoplasms
  3 giant cockroaches
  8 goblins
  6 hobgoblins
  2 quokkas (D:4)
  7 ball pythons
  4 bats
  3 frilled lizards
  6 kobolds
  3 rats (D:1)
120 creatures vanquished.

Notes
Turn   | Place    | Note
-------+----------+-------------------------------------------
     0 | D:1      | growler the Tengu Air Elementalist began the quest for the
                  | Orb.
     0 | D:1      | Reached XP level 1. HP: 10/10 MP: 4/4
   120 | D:1      | Reached XP level 2. HP: 15/15 MP: 1/6
   123 | D:1      | Learned a level 2 spell: Static Discharge
   865 | D:1      | Reached XP level 3. HP: 13/19 MP: 1/7
  1092 | D:1      | Learned a level 3 spell: Swiftness
  2226 | D:2      | Reached XP level 4. HP: 20/24 MP: 1/8
  3033 | D:3      | Gained mutation: Your magical nature lets you fly swiftly
                  | and evasively. [Tengu growth]
  3033 | D:3      | Reached XP level 5. HP: 19/28 MP: 4/10
  3313 | D:3      | Found a shimmering blue altar of Sif Muna.
  3319 | D:3      | Found a sparkling altar of Nemelex Xobeh.
  3324 | D:3      | Found an ancient bone altar of Kikubaaqudgha.
  3575 | D:3      | Found a faded altar of an unknown god.
  3622 | D:3      | Reached skill level 5 in Air Magic
  4124 | D:4      | Reached XP level 6. HP: 13/32 MP: 4/11
  5006 | D:4      | Found a broken altar of Ashenzari.
  5113 | D:4      | Noticed an orc warrior
  5134 | D:4      | Killed an orc warrior
  5135 | D:4      | Reached skill level 6 in Air Magic
  5135 | D:4      | Reached XP level 7. HP: 36/36 MP: 2/13
  5140 | D:4      | Learned a level 4 spell: Airstrike
  5591 | D:5      | Entered Level 5 of the Dungeon
  5808 | D:5      | Reached skill level 5 in Conjurations
  6234 | D:5      | Reached skill level 7 in Air Magic
  6427 | D:5      | Reached XP level 8. HP: 15/41 MP: 4/15
  6969 | D:6      | Reached skill level 5 in Spellcasting
  7180 | D:6      | Identified the +1 ring mail of the Thirsty Emperors {rF+
                  | Str+3 Dex+2 Stlth+}
  7186 | D:6      | Reached skill level 8 in Air Magic
  7376 | D:6      | HP: 2/41 [poisoned by a scorpion]
  7376 | D:6      | Slain by a centaur

Illustrated notes

Levels and vault maps discovered:
D:1:      minmay_arrival_solitary_statue, layout_basic, serial_co_window_serial,
          co_window_corner_a, co_window_paths_a, co_window_paths_a,
          co_window_paths_b, co_window_corner_a, co_window_paths_c,
          co_window_unsneaky_path_e, co_window_paths_c, co_window_corner_b,
          glass_columns_b, glass_columns_c, glass_columns_b, glass_columns_a,
          glass_columns_c, chequers_serial_rivers_large_b,
          chequers_serial_rivers_room_a, hangedman_glass_garden,
          minmay_liquid_box, minmay_nonomino_d4
D:2:      layout_basic, minmay_increasing_density
D:3:      layout_loops_ring, minmay_overflow_temple_star_quad,
          ebering_ecumenical_altar_ruins, hex_medium, minmay_misc_feat_tiny
D:4:      layout_layer_cave, evilmike_ruin_ashenzari
D:5:      layout_cave_pools
D:6:      layout_loops_cross, corexii_hall_statues_t

Skill      XL: |  1  2  3  4  5  6  7  8 |
---------------+-------------------------+-----
Conjurations   | 2 3 4 6 7 |  7.7
Dodging        | 3 |  3.3
Stealth        | 3 |  3.3
Air Magic      | 5 6 7 8 |  8.6
Spellcasting   | 3 4 5 |  5.0

Action                   |  1- 3 |  4- 6 |  7- 9 || total
-------------------------+-------+-------+-------++-------
Melee: Unarmed           |     4 |     1 |       ||     5
       Kick              |     1 |     5 |    11 ||    17
       Dagger            |       |    29 |    41 ||    70
       Peck              |       |     2 |     6 ||     8
       Punch             |       |     1 |     3 ||     4
 Cast: Shock             |    81 |    56 |    35 ||   172
       Static Discharge  |     3 |    25 |    23 ||    51
       Airstrike         |       |       |     9 ||     9
  Use: Potion            |       |       |     1 ||     1
 Stab: Sleeping          |       |     2 |       ||     2
Armor: Robe              |       |     8 |     6 ||    14
Dodge: Dodged            |    17 |    44 |    53 ||   114
